 Dungeon Crawl Stone Soup version 0.31.0-32-g396128a36d (webtiles) character file.

Game seed: 18193893895739488260

259 spaghetti the Trooper (level 6, -7/62 (63) HPs)
             Began as a Naga Chaos Knight on Mar 9, 2024.
             Was a Plaything of Xom.
             Splashed by a jelly's acid (10 damage)
             ... on level 4 of the Dungeon.
             The game lasted 00:04:28 (2538 turns).

spaghetti the Trooper (Naga Chaos Knight)           Turns: 2538, Time: 00:04:28

HP:   -7/62 (63)    AC: -10   Str: 14    XL:     6   Next: 17%
MP:   5/5           EV:  9    Int: 14    God:    Xom [...*..]
Gold: 156           SH:  0    Dex: 13    Spells: 5/5 levels left

rFire   . . .        o - +0 spear (venom)
rCold   . . .        (no shield)
rNeg    . . .        b - +2 leather armour
rPois   +            (no helmet)
rElec   .            (no cloak)
rCorr   .            (no gloves)
SInv    +            (no barding)
Will    .....        j - amulet of regeneration
Stlth   ++           (no ring)
HPRegen 1.10/turn    (no ring)
MPRegen 0.09/turn

%: no passive effects
@: corroded, lightly drained, invisible, very slow
A: AC +2, large, see invisible, deformed body, poison resistance, slowness 2,
spit poison 1, naga tail 1, thin skeletal structure 1, low MP 1, subdued magic 1
a: Spit Poison, Renounce Religion


You were on level 4 of the Dungeon.
You worshipped Xom.
You were a favourite toy of Xom.
You visited 1 branch of the dungeon, and saw 5 of its levels.

You collected 156 gold pieces.

Inventory:

Hand Weapons
 a - a +0 short sword of chaos
 f - a +1 dagger of holy wrath
 g - a +1 dagger of flaming
 o - a +0 spear of venom (weapon)
Missiles
 p - a throwing net
Armour
 b - a +2 leather armour (worn)
Jewellery
 j - an amulet of regeneration (around neck)
Scrolls
 c - a scroll of butterflies
 d - a scroll of amnesia
 e - 3 scrolls of noise
 h - a scroll of identify
 l - a scroll of vulnerability
Potions
 k - a potion of degeneration
 n - a potion of magic


   Skills:
 + Level 6.4 Fighting
 - Level 3.2 Short Blades
 - Level 1.8 Armour
 - Level 1.1 Dodging


You had 5 spell levels left.
You didn't know any spells.
Your spell library contained the following spells:

 Spells                   Type           Power      Damage    Failure   Level
 Blink                    Tloc           0%         N/A       43%         2
 Lesser Beckoning         Tloc           0%         N/A       43%         2
 Momentum Strike          Conj/Tloc      0%         3d8       43%         2


Dungeon Overview and Level Annotations

Branches:
Dungeon (5/15)
 Temple: D:4-7

Altars:
Okawaru
Ru
Sif Muna
The Shining One

Shops:
D:4 :


Innate Abilities, Weirdness & Mutations

Your serpentine skin is tough. (AC +2)
You have supernaturally acute eyesight. (SInv)
Armour fits poorly on your strangely shaped body.
Your system is resistant to poisons. (rPois)
You cover ground very slowly.
You can spit poison.
You have a snake-like lower body.
You have a somewhat thin skeletal structure. (Dex +2, Stealth+)
Your magical capacity is low. (-10% MP)
Your spells are a little easier to cast, but a little less powerful.


Message History

A jelly comes into view.
You see here 11 gold pieces.
You reach to attack!
The jelly quivers.
You hit the jelly.
The jelly is lightly wounded.
You hit the jelly.
Your hands burn!
The jelly is lightly wounded.
The jelly hits you. The acid corrodes you!
You are splashed with acid!
You completely miss the jelly.
The jelly is lightly wounded.
The jelly hits you but does no damage.
You hit the jelly but do no damage.
The jelly is poisoned.
Your hands burn!
The jelly is lightly wounded.
The jelly hits you.
You are splashed with acid!
You don't know any spells.
You don't know any spells.
You fade into invisibility!
The jelly hits you.
You are splashed with acid!
You hit the jelly but do no damage.
Your hands burn!
The jelly is lightly wounded.
The jelly hits you but does no damage.
You hit the jelly.
Your hands burn!
The jelly is lightly wounded.
The jelly hits you. The acid corrodes you!
You are splashed with acid!
You hit the jelly but do no damage.
The jelly looks even sicker.
The acid corrodes you!
Your hands burn!
* * * LOW HITPOINT WARNING * * *
The jelly is lightly wounded.
The jelly jiggles.
The jelly hits you.
* * * LOW HITPOINT WARNING * * *
You are splashed with acid!
* * * LOW HITPOINT WARNING * * *
Unknown command.
The jelly attacks as it pursues you! The jelly hits you.
* * * LOW HITPOINT WARNING * * *
The acid corrodes you!
You are splashed with acid!
You die...
Xom thinks this is hilarious!

........#####.#.##.
#........# #.#.##.
#..:.....#####.#.##.
#................##.
#........#####...##.
#........+........>.
#........##########.
#........# #.
#.J@.....# ##
#.##.#..## #.
#.#..############ #.
..#..#...........
#..#.#..##.#########
...#.#..##.# ..
#.#..##.# ...
..#..##.# #.#


You could see a jelly (very poisoned).

Vanquished Creatures
  A scorpion (D:5)
  An orc wizard (D:5)
  5 adders
  4 gnolls (D:4)
  A ribbon worm (D:4)
  4 dart slugs
  2 orcs (D:3)
  9 ball pythons
  4 endoplasms
  5 giant cockroaches
  12 goblins
  10 hobgoblins
  A jackal (D:5)
  3 quokkas
  6 bats
  A frilled lizard (D:1)
  9 kobolds
  6 rats
84 creatures vanquished.

Notes
Turn   | Place    | Note
-------+----------+-------------------------------------------
     0 | D:1      | spaghetti the Naga Chaos Knight began the quest for the
                  | Orb.
     0 | D:1      | Reached XP level 1. HP: 21/21 MP: 1/1
    18 | D:1      | XOM: silly message
    27 | D:1      | XOM: 2-stop teleportation journey
    37 | D:1      | Reached skill level 1 in Dodging
    59 | D:1      | Reached XP level 2. HP: 28/28 MP: 2/2
   333 | D:1      | Reached XP level 3. HP: 34/34 MP: 3/3
   547 | D:1      | Found a faded altar of an unknown god.
   575 | D:1      | XOM: give mutation
   575 | D:1      | Gained mutation: You have a somewhat thin skeletal
                  | structure. (Dex +2, Stealth+) [Xom's grace]
   970 | D:2      | Reached skill level 4 in Fighting
  1002 | D:2      | Reached XP level 4. HP: 38/44 MP: 4/4
  1541 | D:3      | Found a glowing golden altar of the Shining One.
  1709 | D:3      | Reached skill level 5 in Fighting
  1726 | D:3      | Noticed an ogre
  1782 | D:3      | Found a shimmering blue altar of Sif Muna.
  1783 | D:3      | Found an iron altar of Okawaru.
  1929 | D:4      | Reached XP level 5. HP: 49/52 MP: 5/5
  1973 | D:4      | XOM: chaos upgrade
  1975 | D:4      | XOM: enchant monster (bad)
  1986 | D:5      | Entered Level 5 of the Dungeon
  2002 | D:5      | Reached skill level 6 in Fighting
  2002 | D:5      | Reached XP level 6. HP: 21/62 MP: 6/6
  2004 | D:4      | XOM: smoke on damage
  2074 | D:4      | XOM: silly message
  2142 | D:4      | XOM: cast spell 'Summon Horrible Things'
  2189 | D:4      | Found Vovvirog's Tremendous Tomes.
  2227 | D:4      | Found a sacrificial altar of Ru.
  2281 | D:4      | XOM: give mutations
  2281 | D:4      | Gained mutation: Your flesh is heat resistant. (rF+) [Xom's
                  | mischief]
  2281 | D:4      | Lost mutation: Your flesh is heat resistant. (rF+) [Xom's
                  | mischief]
  2281 | D:4      | Gained mutation: Your magical capacity is low. (-10% MP)
                  | [Xom's mischief]
  2281 | D:4      | Gained mutation: Your spells are a little easier to cast,
                  | but a little less powerful. [Xom's mischief]
  2538 | D:4      | HP: 3/62 [jelly (3)]
  2538 | D:4      | Splashed by a jelly's acid

Illustrated notes

Levels and vault maps discovered:
D:1:      dpeg_arrival_morbid_curiosity, layout_rooms,
          hellmonk_ecumenical_altar_inner_sanctum
D:2:      layout_rooms
D:3:      layout_rooms, tso_metal_star, gammafunk_temple_overflow_pools,
          lightli_corner_chamber
D:4:      layout_basic, nicolae_wu_jian_immortal_techniques,
          nicolae_ru_the_path_less_chosen, nicolae_shop_i_like_big_books,
          serial_library_hellmonk_room_c, minmay_close_crescents
D:5:      layout_rooms, mainiacjoe_overflow_concentric_impassable

Skill      XL: |  1  2  3  4  5 |
---------------+----------------+-----
Dodging        | 1 |  1.1
Fighting       | 4 5 6 |  6.4
Short Blades   | |  3.2
Armour         | |  1.8

Action                     |  1- 3 |  4- 6 || total
---------------------------+-------+-------++-------
  Melee: Short sword       |    46 |       ||    46
         Dagger            |    77 |    46 ||   123
         Punch             |     2 |     2 ||     4
         Spear             |       |   117 ||   117
Ability: Spit Poison       |     4 |       ||     4
    Use: Scroll            |     3 |     6 ||     9
         Potion            |       |     6 ||     6
   Stab: Sleeping          |     4 |     5 ||     9
 Armour: Leather armour    |   121 |   170 ||   291
  Dodge: Dodged            |    77 |   116 ||   193
